 Dungeon Sprint DCSS version 0.31.0-12-g77e489cdc1 (webtiles) character file.

Game seed: 5311945962948477432

4 Heoruswealwe the Trooper (level 1, -7/20 HPs)
             Began as a Minotaur Fighter on Feb 13, 2024.
             Mangled by an ogre
             ... wielding a +0 giant spiked club
              (18 damage)
             ... in the Dungeon (Sprint IX: "|||||||||||||||||||||||||||||").
             The game lasted 00:00:14 (18 turns).

Heoruswealwe the Trooper (Minotaur Fighter)           Turns: 18, Time: 00:00:15

Health: -7/20      AC:  7    Str: 20    XL:     1   Next: 58%
Magic:  0/0        EV:  9    Int:  5    God:
Gold:   0          SH:  4    Dex:  9    Spells: 0/0 levels left

rFire   . . .        a - +0 trident
rCold   . . .        d - +0 buckler
rNeg    . . .        c - +0 scale mail
rPois   .            (helmet restricted)
rElec   .            (no cloak)
rCorr   .            (no gloves)
SInv    .            (no boots)
Will    .....        (no amulet) Stlth
                     (no ring)
HPRegen 0.23/turn    (no ring)
MPRegen 0.07/turn

%: no teleportation
@: no status effects
A: horns 2, retaliatory headbutt
a: no special abilities


You were in the Dungeon.
You visited 1 branch

Inventory:

Hand Weapons
 a - a +0 trident (weapon)
Armour
 c - a +0 scale mail (worn)
 d - a +0 buckler (worn)
Scrolls
 j - a scroll of blinking
Potions
 b - a potion of might
 e - a potion of curing
 f - a potion of heal wounds
 g - a potion of haste
 h - 2 potions of magic
 i - a potion of berserk rage


   Skills:
 + Level 4.1 Fighting
 * Level 3.7 Polearms
 + Level 4.1 Armour
 - Level 3.6 Shields


You couldn't memorise any spells.
You didn't know any spells.
Your spell library was empty.

Dungeon Overview and Level Annotations

Branches:
Dungeon (1/1)

Altars:


Innate Abilities, Weirdness & Mutations

You have a pair of horns on your head.
You reflexively headbutt those who attack you in melee.


Message History

d - a +0 buckler (worn);
c - a potion of might Adjust (i)tems, (s)pells, or (a)bilities?
b - a +0 scale mail (worn)
Adjust to which letter? (? for menu, Esc to quit)
c - a +0 scale mail (worn);
b - a potion of might You open the door.
A ball python, a kobold, a giant cockroach, a frilled lizard and an endoplasm come into view.
The ball python hisses angrily.
The kobold shouts!
The frilled lizard hisses angrily.
The endoplasm quivers.
You puncture the ball python!
You kill the ball python!
You hit the kobold.
The kobold is severely wounded.
The kobold hits you with a +0 dagger.
You hit the kobold.
You kill the kobold!
The giant cockroach closely misses you.
Your Polearms skill increases to level 3!
You puncture the giant cockroach!
You kill the giant cockroach!
Your Fighting skill increases to level 4!
Your Armour skill increases to level 4!
You puncture the frilled lizard!
You kill the frilled lizard!
You barely miss the endoplasm. You headbutt the endoplasm.
You kill the endoplasm!
There is an open door to the Dungeon here.
Items here: ( ) ††.
Okay, then.
You open the door.
An ogre, a scorpion, an orc and 2 bombardier beetles come into view.
The ogre shouts!
You barely miss the ogre.
The ogre hits you with a +0 giant spiked club!
You puncture the ogre!
The ogre is moderately wounded.
The ogre hits you with a +0 giant spiked club!!
Ouch! That really hurt!
You die... ▓▓▓▓▓▓▓▓▓▓▓▓▓▓▓▓▓▓ ▓<...)....@OsoB.B+ ▓▓▓▓▓▓▓▓▓▓▓▓▓▓▓▓▓▓

You could see an ogre, a scorpion, 2 bombardier beetles and an orc.

Vanquished Creatures
  An endoplasm (D)
  A giant cockroach (D)
  A ball python (D)
  A frilled lizard (D)
  A kobold (D)
5 creatures vanquished.

Notes
Turn   | Place    | Note
-------+----------+-------------------------------------------
     0 | D        | Heoruswealwe the Minotaur Fighter began the quest for the
                  | Orb.
     0 | D        | Reached XP level 1. HP: 19/19 MP: 0/0
    16 | D        | Noticed an ogre
    16 | D        | Noticed a scorpion
    16 | D        | Noticed a bombardier beetle
    16 | D        | Noticed a bombardier beetle
    18 | D        | Mangled by an ogre

Illustrated notes

Levels and vault maps discovered:
D:        linesprint [early_d, line_temple, items_1, d_10, items_2, lair_1,
          lair_end, items_3, orc_1, orc_end, items_4, d_15, swamp_1, shoals_1,
          snake_1, spider_1, d_20, vaults_1, items_5, swamp_end, shoals_end,
          snake_end, spider_end, vaults_end, d_27, items_6, zot_1, zot_end,
          crypt_end, forest_end, elf_end, slime_end, tomb_end, abyss_end,
          pan_hell_end]

Skill      XL: |  1 |
---------------+----+-----
Polearms       | 3 |  3.7
Fighting       | 4 |  4.1
Armour         | 4 |  4.1
Shields        | |  3.6

Action                     || total
---------------------------++-------
  Melee: Trident           ||     8
         Headbutt          ||     1
 Armour: Scale mail        ||     3
  Dodge: Dodged            ||     1
